 Dungeon Crawl Stone Soup version 0.32-a0-798-gfa783ce77f (webtiles) character file.

Game seed: 8746333193683839284

193719 IndexError the Brawler (level 17, -4/262 HPs)
             Began as a Troll Fighter on Mar 21, 2024.
             Was the Champion of Wu Jian.
             Slain by a jumping spider (9 damage)
             ... on level 2 of the Spider Nest.
             The game lasted 01:24:28 (30415 turns).

IndexError the Brawler (Troll Fighter)             Turns: 30415, Time: 01:24:28

Health: -4/262     AC: 14    Str: 34    XL:     17   Next: 65%
Magic:  16/16      EV:  5    Int:  4    God:    Wu Jian [******]
Gold:   2910       SH:  0    Dex: 13    Spells: 16/16 levels left

rFire   + +          +
                       - Unarmed
rCold   + . .        I - +2 kite shield
rNeg    . . .        B - +0 swamp dragon scales
rPois   +            t - +2 hat
rElec   .            d - +2 cloak
rCorr   +            (gloves unavailable)
SInv    .            (boots unavailable)
Will    +....        N - amulet of reflection Stlth
                     H - ring of Utio {Fly rF++ Str+6 Dex-4}
HPRegen 1.43/turn    x - ring of Xom's Approval {^Drain +Blink rF+ rC+ rCorr}
MPRegen 0.15/turn

%: reflection
@: confused, berserking, flying, held, very quick
A: large, unfitting armour, claws 3, regeneration 1, shaggy fur 1, tough skin 1,
thin skeletal structure 1, inability to drink after injury 1
}: 1/15 runes: decaying
a: Renounce Religion, Evoke Blink, Wall Jump, Serpent's Lash, Heavenly Storm


You were on level 2 of the Spider Nest.
You worshipped Wu Jian.
Wu Jian was exalted by your worship.
You visited 6 branches of the dungeon, and saw 29 of its levels.
You also visited: Volcano.

You collected 3604 gold pieces.
You spent 694 gold pieces at shops.

Inventory:

Missiles
 i - 4 throwing nets {=f, !d}
 y - 3 curare-tipped darts
 A - 9 boomerangs (quivered)
 E - 34 large rocks {!d}
 J - 6 datura-tipped darts
 X - 5 javelins
Armour
 d - a +2 cloak (worn)
   (You found it on level 3 of the Swamp)
 k - a scarf of repulsion
   (You found it on level 2 of the Dungeon)
 q - a scarf of invisibility
   (You found it on level 4 of the Dungeon)
 t - a +2 hat (worn)
   (You took it off Gastronok on level 8 of the Dungeon)
 v - a +2 troll leather armour {Snorg}
   (You found it on level 4 of the Lair of Beasts)
 B - +0 swamp dragon scales (worn)
   (You found it on level 2 of the Swamp)
 I - a +2 kite shield (worn)
   (You took it off a tengu warrior on level 15 of the Dungeon)
 S - +0 fire dragon scales
   (You found it in a volcano)
Jewellery
 l - a ring of willpower
   (You found it on level 2 of the Dungeon)
 x - the ring of Xom's Approval (right claw) {^Drain +Blink rF+ rC+ rCorr}
   (You bought it in a shop on level 2 of the Orcish Mines)

   [ring of protection from cold]

   rF+:       It protects you from fire.
   rC+:       It protects you from cold.
   +Blink:    It lets you blink.
   rCorr:     It protects you from acid and corrosion.
   ^Drain:    It drains your maximum health when unequipped.
 H - the ring of Utio (left claw) {Fly rF++ Str+6 Dex-4}
   (You acquired it on level 2 of the Lair of Beasts)

   [ring of strength]

   Str+6:     It affects your strength (+6).
   Dex-4:     It affects your dexterity (-4).
   rF++:      It greatly protects you from fire.
   Fly:       It grants you flight.
 N - an amulet of reflection (around neck)
   (You found it on level 10 of the Dungeon)
 O - the ring "Ruonank" {^Drain +Blink Dex+6 SInv Stlth+}
   (You found it on level 11 of the Dungeon)

   [ring of dexterity]

   Dex+6:     It affects your dexterity (+6).
   SInv:      It lets you see invisible.
   +Blink:    It lets you blink.
   ^Drain:    It drains your maximum health when unequipped.
   Stlth+:    It makes you more stealthy.
 P - a ring of willpower
   (You found it on level 2 of the Swamp)
 Y - a ring of poison resistance {rPois, !d}
   (You found it on level 4 of the Lair of Beasts)
Wands
 f - a wand of mindburst (29)
   (You found it on level 7 of the Dungeon)
 g - a wand of flame (19)
   (You found it on level 11 of the Dungeon)
 p - a wand of light (8)
   (You found it on level 15 of the Dungeon)
 D - a wand of warping (29)
   (You found it on level 6 of the Dungeon)
 G - a wand of polymorph (3)
   (You found it on level 8 of the Dungeon)
 M - a wand of digging (18)
   (You found it on level 10 of the Dungeon)
 V - a wand of charming (6)
   (You found it on level 2 of the Lair of Beasts)
Scrolls
 a - a scroll of silence
 m - 17 scrolls of teleportation
 n - 3 scrolls of fear
 r - a scroll of poison {!r}
 s - 6 scrolls of vulnerability {!r!r}
 C - a scroll of identify
 Q - 2 scrolls of fog
 R - a scroll of blinking {!r}
 T - 4 scrolls of revelation
Potions
 c - 6 potions of might
 e - 2 potions of enlightenment
 h - 10 potions of curing
 j - 5 potions of mutation {!q}
 o - 2 potions of heal wounds
 u - 4 potions of lignification {!q}
 w - 5 potions of attraction {!q}
 F - a potion of invisibility
 K - a potion of haste
 U - a potion of resistance
 Z - 4 potions of berserk rage {!q}
Miscellaneous
 b - a lightning rod (4/4)
   (You found it on level 14 of the Dungeon)
 L - a condenser vane
   (You found it on level 10 of the Dungeon)
 W - a phantom mirror
   (You found it on level 5 of the Lair of Beasts)


   Skills:
 + Level 12.6 Fighting
 - Level 10.4 Throwing
 + Level 8.3 Dodging
 + Level 13.6 Shields
 * Level 20.0 Unarmed Combat
 - Level 6.0 Evocations


You had 16 spell levels left.
You didn't know any spells.
Your spell library contained the following spells:

 Spells                   Type           Power      Damage    Failure   Level
 Kiss of Death            Conj/Necr      0%         2d5       73%         1
 Blink                    Tloc           0%         N/A       86%         2
 Cigotuvi's Dreadful Rot  Necr/Alch/Air  0%         N/A       86%         2
 Lesser Beckoning         Tloc           0%         N/A       86%         2
 Momentum Strike          Conj/Tloc      0%         3d8       86%         2
 Confusing Touch          Hex            0%         N/A       97%         3
 Dazzling Flash           Conj/Hex       0%         N/A       97%         3
 Frozen Ramparts          Ice            0%         1d1       97%         3
 Hailstorm                Conj/Ice       0%         3d5       97%         3
 Ozocubu's Armour         Ice            0%         N/A       97%         3
 Summon Ice Beast         Ice/Summ       0%         N/A       97%         3
 Airstrike                Air            0%         2d(0-16)  100%        4
 Animate Armour           Summ/Erth      0%         N/A       100%        4
 Dispel Undead            Necr           0%         3d6       100%        4
 Martyr's Knell           Necr/Summ      0%         N/A       100%        4
 Passage of Golubria      Tloc           0%         N/A       100%        4
 Summon Lightning Spire   Summ/Air       0%         N/A       100%        4
 Vhi's Electric Charge    Tloc/Air       0%         N/A       100%        4
 Arcjolt                  Conj/Air       0%         1d10      100%        5
 Lee's Rapid Deconstruct  Erth           0%         3d4*      100%        5
 Metabolic Englaciation   Hex/Ice        0%         N/A       100%        5
 Silence                  Hex/Air        0%         N/A       100%        5
 Summon Mana Viper        Hex/Summ       0%         N/A       100%        5
 Permafrost Eruption      Ice/Erth       0%         2x4d2     100%        6
 Sculpt Simulacrum        Ice/Alch       0%         N/A       100%        6
 Starburst                Conj/Fire      0%         6d3       100%        6
 Monstrous Menagerie      Summ           0%         N/A       100%        7
 Lehudib's Crystal Spear  Conj/Erth      0%         10d2      100%        8
 Maxwell's Capacitive Co  Air            0%         ∞         100%        8


Dungeon Overview and Level Annotations

Branches:
Dungeon (15/15)            Temple (1/1) D:6            Lair (5/5) D:10
  Swamp (4/4) Lair:2       Spider (2/4) Lair:2        Slime (0/5) Lair:4
    Orc (2/2) D:9             Elf (0/3) Orc:2        Vaults (0/5) D:14
 Depths (0/4) D:15        Volcano (visited)

Altars:
Ashenzari
Cheibriados
Dithmenos
Elyvilon
Fedhas
Gozag
Hepliaklqana
Kikubaaqudgha
Makhleb
Nemelex Xobeh
Okawaru
Qazlal
Ru
Sif Muna
Trog
Uskayaw
Vehumet
Wu Jian
Xom
Yredelemnul
Zin
The Shining One
Ignis
Jiyva

Shops:
D:9 *   Orc:2 ==[*(

Portals:
Trove: D:12 (give 3 potions of resistance)


Innate Abilities, Weirdness & Mutations

You are too large for most types of armour.
You have claws for hands.
Your natural rate of healing is unusually fast.
You are covered in fur. (AC +1)
You have tough skin. (AC +1)
You have a somewhat thin skeletal structure. (Dex +2, Stealth+)
You occasionally lose the ability to drink potions when taking damage.


Message History

You eviscerate the jumping spider!!! The Council accepts your kill.
The tarantella touches you but does no damage.
The jumping spider leaps! x2
The redback bites you but does no damage.
The tarantella touches you!
You take 10 damage, and have 67/175 hp.
The jumping spider leaps!
The tarantella touches you.
The jumping spider leaps!
You see here a jumping spider corpse.
You claw the redback!
The jumping spider leaps!
You closely miss the redback.
The redback bites you but does no damage.
The tarantella touches you.
The jumping spider leaps!
The tarantella touches you but does no damage.
The jumping spider pounces on you but does no damage.
The jumping spider bites you but does no damage.
You take 1 damage, and have 67/175 hp.
You mangle the tarantella!! The redback barely misses you.
The tarantella touches you!
The tarantella touches you but does no damage.
The jumping spider closely misses you.
The jumping spider bites you but does no damage.
The redback barely misses you.
You take 6 damage, and have 61/175 hp.
You're too confused to move!
The tarantella barely misses you.
The tarantella touches you but does no damage.
The jumping spider leaps!
The redback closely misses you. The tarantella touches you.
The jumping spider leaps!
You take 4 damage, and have 57/175 hp.
You miss the redback. The tarantella touches you.
The redback closely misses you. The tarantella touches you!
* * * LOW HITPOINT WARNING * * *
You are afflicted by dizzying energies!
You are more confused.
You take 13 damage, and have 44/175 hp.
You're too confused to move!
The tarantella touches you!
* * * LOW HITPOINT WARNING * * *
The redback bites you but does no damage.
The jumping spider pounces on you but does no damage.
The jumping spider closely misses you. The tarantella barely misses you.
The tarantella touches you!
* * * LOW HITPOINT WARNING * * *
You are afflicted by dizzying energies!
You are more confused.
You take 19 damage, and have 25/175 hp.
You feel better. The jumping spider barely misses you.
You block the jumping spider's attack. You block the redback's attack.
You block the tarantella's attack.
The jumping spider leaps!
The tarantella touches you!
* * * LOW HITPOINT WARNING * * *
You are afflicted by dizzying energies!
You are confused.
The redback bites you but does no damage.
The jumping spider leaps!
The tarantella completely misses you.
You take 1 damage, and have 24/175 hp.
You feel better.
The tarantella's soul is no longer bound.
The jumping spider leaps!
The tarantella barely misses you.
The jumping spider leaps!
You block the redback's attack.
The jumping spider leaps!
The tarantella closely misses you. You block the jumping spider's attack.
The jumping spider bites you but does no damage.
You block the tarantella's attack.
You regained 7 hp, and now have 31/175 hp.
It was a potion of cancellation.
You feel magically purged. You block the redback's attack.
You block the jumping spider's attack. x2
The tarantella barely misses you. The redback bites you!
* * * LOW HITPOINT WARNING * * *
The tarantella misses you.
You take 10 damage, and have 21/175 hp.
A red film seems to cover your vision as you go berserk!
You feel yourself moving faster!
You feel mighty! The jumping spider pounces on you!
* * * LOW HITPOINT WARNING * * *
You are caught in a web!
The jumping spider barely misses you.
The tarantella touches you but does no damage.
The redback bites you but does no damage.
The jumping spider pounces on you but does no damage.
The jumping spider bites you.
* * * LOW HITPOINT WARNING * * *
The tarantella touches you!
* * * LOW HITPOINT WARNING * * *
You are afflicted by dizzying energies!
You are confused.
The jumping spider pounces on you but does no damage.
The jumping spider bites you.
* * * LOW HITPOINT WARNING * * *
The tarantella closely misses you.
You now have 8/262 hp.
You are too berserk!
The web tears apart.
You feel a strong urge to attack something.
The jumping spider pounces on you.
* * * LOW HITPOINT WARNING * * *
You are caught in a web!
The jumping spider bites you but does no damage.
The redback bites you but does no damage.
The tarantella touches you but does no damage.
The jumping spider pounces on you!
You die...

#### .## ##.# ... ## ...#
... .. ...#######. ..# ..
....##.†##.# #.### ##.
.......~~##.#####...######.#
....####~~##....s.# #......#
....# #.~~##..s@s# ##.....#
....# #.~~~#.$ss.###......##
..### #.[~~##.....#......#.#
......
#.~~.###....#........## ##
..#### #~~..#
#....##........###. ..#
#~~..###....s##...........
..#
#~≈..#..............#.....
..#
#~~..#.......######.##....
..# #.~~.#......## ##.......


You could see 3 jumping spiders, 2 tarantellas and a redback (soul bound).

Vanquished Creatures
  Gastronok (D:8)
  The ghost of Lafaurph the Spry, an adept DECj of Vehumet (Swamp:1)
  2 emperor scorpions (Spider:1)
  An orc warlord (Orc:1)
  3 ghouls (Swamp:4)
  A broodmother (Spider:2)
  A stone giant (D:15)
  A red draconian (Volcano)
  Nessos (Lair:5)
  4 eleionomae
  A spark wasp (Spider:1)
  3 bunyips
  2 dire elephants (Lair:5)
  Snorg (Lair:4)
  A yaktaur captain (D:14)
  3 entropy weavers
  4 shambling mangroves
  An ogre mage (D:15)
  3 ghost crabs
  3 catoblepae
  A jorogumo (Spider:1)
  26 hydras
  Erica (Orc:1)
  10 alligators
  12 centaur warriors
  9 two-headed ogres
  An anaconda (Swamp:2)
  8 death yaks
  7 boulder beetles
  9 tengu warriors
  2 demonic crawlers (Spider:1)
  2 orc high priests (Orc:1)
  6 spriggans
  Nergalle (D:12)
  A spriggan berserker (Swamp:4)
  Urug (Orc:1)
  2 skeletal warriors
  The ghost of Zigma the Grappler, a novice DrMo of Vehumet (D:7)
  2 pharaoh ants
  4 spriggan druids
  An arcanist (D:14)
  3 orb spiders
  6 bog bodies
  An orc knight (Orc:1)
  Pikel (D:4)
  A steelbarb worm (Spider:1)
  A lindwurm (Lair:5)
  8 swamp dragons
  2 obsidian bats
  2 deep elf pyromancers
  8 wolf spiders
  19 ugly things
  5 orc sorcerers
  A will-o-the-wisp (Swamp:4)
  9 cyclopes
  7 manticores
  4 meliai
  A kobold blastminer (D:9)
  19 elephants
  A moth of wrath (Spider:1)
  10 cane toads
  A gargoyle (D:13)
  A guardian serpent (shapeshifter) (D:14)
  4 black mambas
  4 torpor snails
  An unseen horror (D:10)
  An unseen horror zombie (D:7)
  2 freezing wraiths (D:15)
  2 rime drakes (Lair:5)
  2 kobold demonologists
  7 komodo dragons
  3 yaktaurs
  Psyche (D:12)
  5 tengu conjurers
  2 hydra zombies (D:11)
  16 hornets
  A harpy zombie (D:11)
  5 polar bears
  Prince Ribbit (D:4)
  8 tyrant leeches
  8 tarantellas
  5 trolls
  11 blink frogs
  2 meliai zombies (D:11)
  16 jumping spiders
  15 dream sheep
  2 shadows
  6 culicivoras
  4 basilisks
  2 vampires (D:14)
  32 yaks
  5 wyverns
  3 wargs
  16 fire elementals
  31 redbacks
  3 steam dragons
  21 vampire mosquitoes
  The ghost of HourglassMan the Apothecary, an amateur MfAl (D:4)
  A two-headed ogre zombie (D:11)
  4 acid dragons
  19 swamp worms
  14 water moccasins
  7 swamp drakes (Swamp:4)
  26 orc warriors
  2 sky beasts
  2 ice beasts
  A black bear (Lair:3)
  A laughing skull (D:14)
  12 wolves
  4 ogres
  16 centaurs
  2 lemures (D:4)
  2 kobold brigands
  8 bullfrogs
  2 wyvern zombies (D:7)
  A gnoll sergeant (D:9)
  2 scorpions (D:6)
  14 wights
  2 spriggan zombies (D:11)
  4 killer bees
  A bombardier beetle (D:4)
  7 howler monkeys
  8 electric eels
  A bullfrog zombie (D:7)
  8 centaur zombies
  3 hounds
  2 gnoll boudas
  7 jellies
  19 orc priests
  Crazy Yiuf (D:6)
  8 iguanas
  Jessica (D:2)
  A sleepcap (Lair:5)
  A hell rat (Lair:5)
  34 orc wizards
  2 killer bee zombies (D:11)
  19 gnolls
  3 howler monkey zombies (D:7)
  10 adders
  A white imp (D:6)
  An ufetubus (D:6)
  2 ribbon worms
  3 dart slugs
  86 orcs
  10 endoplasms
  5 giant cockroaches
  A hobgoblin (D:2)
  3 jackals (D:2)
  14 kobolds
  3 quokkas (D:1)
  5 ball pythons
  5 bats
  3 frilled lizards
  4 goblins
  2 rats
934 creatures vanquished.

Vanquished Creatures (collateral kills)
  A foxfire (Lair:1)
1 creature vanquished.

Vanquished Creatures (others)
  A lindwurm (Lair:5)
  A will-o-the-wisp (Swamp:2)
  A bloated husk (Swamp:1)
  An orc priest (Orc:2)
  2 orc wizards (Orc:2)
  An ufetubus (D:6)
  An orc (D:4)
  25 foxfires
33 creatures vanquished.

Grand Total: 968 creatures vanquished

Notes
Turn   | Place    | Note
-------+----------+-------------------------------------------
     0 | D:1      | IndexError the Troll Fighter began the quest for the Orb.
     0 | D:1      | Reached XP level 1. HP: 22/22 MP: 0/0
   305 | D:1      | Reached XP level 2. HP: 29/29 MP: 1/1
   685 | D:2      | Reached skill level 3 in Shields
   685 | D:2      | Reached skill level 3 in Unarmed Combat
   685 | D:2      | Reached XP level 3. HP: 15/36 MP: 2/2
   736 | D:2      | Reached skill level 1 in Throwing
   889 | D:2      | Reached XP level 4. HP: 44/44 MP: 3/3
  1169 | D:2      | Found a faded altar of an unknown god.
  1177 | D:2      | Noticed Jessica
  1180 | D:2      | Killed Jessica
  1182 | D:2      | Prayed at the altar of an unknown god.
  1182 | D:2      | Became a worshipper of Ignis, the Dying Flame
  1360 | D:2      | Found a burning altar of Makhleb.
  1421 | D:2      | Reached skill level 3 in Fighting
  1837 | D:3      | Reached XP level 5. HP: 47/53 MP: 4/4
  2476 | D:4      | Reached skill level 4 in Unarmed Combat
  2567 | D:4      | Reached skill level 2 in Throwing
  2629 | D:4      | Reached XP level 6. HP: 54/61 MP: 5/5
  2856 | D:4      | Found a radiant altar of Vehumet.
  3123 | D:4      | Found a runed translucent gate.
  3124 | D:4      | Found a runed translucent gate.
  3125 | D:4      | Found a runed translucent gate.
  3125 | D:4      | Noticed HourglassMan's ghost (amateur MfAl)
  3261 | D:4      | Killed HourglassMan's ghost
  3262 | D:4      | Reached skill level 4 in Shields
  3262 | D:4      | Reached skill level 5 in Unarmed Combat
  3262 | D:4      | Reached XP level 7. HP: 67/67 MP: 6/6
  3339 | D:5      | Entered Level 5 of the Dungeon
  3343 | D:5      | Reached skill level 3 in Throwing
  3374 | D:5      | Noticed Pikel
  3394 | D:4      | HP: 17/68 [Pikel/+2 whip of freezing (3)]
  3396 | D:4      | Killed Pikel
  3397 | D:4      | Reached skill level 4 in Fighting
  3397 | D:4      | Reached skill level 6 in Unarmed Combat
  3397 | D:4      | Reached XP level 8. HP: 22/78 MP: 7/7
  3450 | D:5      | Noticed Prince Ribbit
  3475 | D:4      | Killed Prince Ribbit
  3476 | D:4      | Reached skill level 5 in Shields
  3558 | D:4      | Reached skill level 4 in Throwing
  3645 | D:5      | Reached skill level 7 in Unarmed Combat
  4366 | D:6      | Found a runed translucent door.
  4367 | D:6      | Noticed Crazy Yiuf
  4406 | D:6      | Found a staircase to the Ecumenical Temple.
  4576 | D:6      | Reached skill level 5 in Fighting
  4576 | D:6      | Reached XP level 9. HP: 72/88 MP: 8/8
  4717 | D:6      | Reached skill level 8 in Unarmed Combat
  4834 | D:6      | Found a stormy altar of Qazlal.
  4834 | D:6      | Found a shimmering altar of Xom.
  5271 | D:6      | Killed Crazy Yiuf
  5330 | D:7      | Found an opulent altar of Gozag.
  5434 | D:6      | Reached skill level 5 in Throwing
  5506 | D:7      | Found a runed translucent door.
  5507 | D:7      | Noticed Zigma's ghost (novice DrMo)
  5533 | D:7      | Reached skill level 6 in Shields
  5740 | D:7      | Reached skill level 9 in Unarmed Combat
  5870 | D:7      | Reached XP level 10. HP: 93/98 MP: 9/9
  6201 | D:7      | Reached skill level 6 in Fighting
  6250 | D:7      | Killed Zigma's ghost
  6346 | D:8      | Reached skill level 6 in Throwing
  6420 | D:8      | Reached skill level 10 in Unarmed Combat
  6602 | D:8      | Noticed Gastronok
  6619 | D:8      | HP: 18/98 [Gastronok (30)]
  6621 | D:8      | Killed Gastronok
  6622 | D:8      | Reached skill level 7 in Shields
  7154 | D:9      | Noticed a manticore
  7166 | D:9      | Killed a manticore
  7305 | D:9      | Found a hide-covered altar of Uskayaw.
  7334 | D:9      | Found a sacrificial altar of Ru.
  7538 | D:9      | Paralysed by a hornet for 3 turns
  7547 | D:9      | Reached skill level 11 in Unarmed Combat
  7587 | D:9      | Found Maashrun's General Store.
  7593 | D:9      | Found a staircase to the Orcish Mines.
  7597 | D:9      | Reached XP level 11. HP: 105/107 MP: 10/10
  7808 | D:9      | Found a snail-covered altar of Cheibriados.
  7917 | D:10     | Entered Level 10 of the Dungeon
  8082 | D:10     | Identified the ring of Ide Huinn {rN+ Str+6 Int-5}
  8240 | D:10     | Reached skill level 7 in Throwing
  8256 | D:10     | Found a staircase to the Lair.
  8435 | D:10     | Reached skill level 7 in Fighting
  8444 | D:10     | Noticed a skeletal warrior
  8457 | D:10     | Killed a skeletal warrior
  9106 | D:11     | Noticed a red ugly thing
  9114 | D:11     | Killed a red ugly thing
  9115 | D:11     | Reached skill level 8 in Shields
  9410 | D:11     | Reached skill level 12 in Unarmed Combat
  9530 | D:11     | Found a basalt altar of Yredelemnul.
  9694 | D:11     | Identified the ring "Ruonank" {^Drain +Blink Dex+6 SInv
                  | Stlth+}
 10053 | D:12     | Reached skill level 1 in Evocations
 10123 | D:12     | Found a portal to a secret trove of treasure.
 10176 | D:12     | Gained mutation: You have a somewhat thin skeletal
                  | structure. (Dex +2, Stealth+) [potion of mutation]
 10407 | D:12     | Noticed a deep elf pyromancer
 10411 | D:12     | Killed a deep elf pyromancer
 10412 | D:12     | Reached skill level 2 in Evocations
 10496 | D:12     | Reached XP level 12. HP: 92/119 MP: 11/11
 10581 | D:12     | Noticed Nergalle
 10596 | D:12     | Killed Nergalle
 10597 | D:12     | Reached skill level 3 in Evocations
 10603 | D:12     | HP: 28/112 [troll (5)]
 10849 | D:12     | Noticed Psyche
 11042 | D:12     | Reached skill level 4 in Evocations
 11079 | D:12     | Killed Psyche
 11164 | D:12     | Noticed a two-headed ogre
 11181 | D:12     | Killed a two-headed ogre
 11182 | D:12     | Reached skill level 5 in Evocations
 11628 | D:13     | Noticed a centaur warrior
 11634 | D:13     | Killed a centaur warrior
 11637 | D:13     | Noticed a tengu warrior
 11642 | D:13     | Noticed a centaur warrior
 11652 | D:13     | Killed a centaur warrior
 11664 | D:13     | Killed a tengu warrior
 11665 | D:13     | Reached skill level 6 in Evocations
 11886 | D:13     | Noticed a tengu warrior
 11909 | D:13     | Killed a tengu warrior
 11910 | D:13     | Reached skill level 8 in Throwing
 12095 | D:13     | Reached skill level 8 in Fighting
 12200 | D:13     | Noticed a centaur warrior
 12213 | D:13     | HP: 14/119 [cyclops (26)]
 12215 | D:13     | Reached skill level 13 in Unarmed Combat
 12220 | D:13     | Killed a centaur warrior
 12519 | D:13     | Noticed a centaur warrior
 12524 | D:13     | Reached skill level 9 in Shields
 12524 | D:13     | Killed a centaur warrior
 12711 | Lair:1   | Entered Level 1 of the Lair of Beasts
 12724 | Lair:1   | Noticed a catoblepas
 12751 | Lair:1   | Killed a catoblepas
 12901 | Lair:1   | Identified a scroll of acquirement
 12902 | Lair:1   | Acquired 813 gold pieces
 12987 | Lair:1   | Reached XP level 13. HP: 111/128 MP: 12/12
 13728 | Temple   | Entered the Ecumenical Temple
 13736 | Temple   | Fell from the grace of Ignis
 13736 | Temple   | Became a worshipper of the Wu Jian Council
 14087 | Lair:2   | Found a staircase to the Swamp.
 14087 | Lair:2   | Noticed an eleionoma
 14207 | Lair:2   | Found a hole to the Spider Nest.
 14318 | Lair:2   | Killed an eleionoma
 14967 | Lair:3   | Reached skill level 9 in Throwing
 15049 | Lair:3   | Reached * piety under Wu Jian
 15061 | Lair:3   | HP: 23/128 [death yak[Ignis] (18)]
 15173 | Lair:3   | Reached skill level 14 in Unarmed Combat
 15701 | Lair:3   | You fall into a shaft and drop 2 floors!
 15701 | Lair:5   | Entered Level 5 of the Lair of Beasts
 15701 | Lair:5   | Noticed Nessos
 15820 | Lair:5   | Reached skill level 9 in Fighting
 15900 | Lair:5   | Reached ** piety under Wu Jian
 16078 | Lair:5   | Reached skill level 10 in Shields
 16144 | Lair:5   | HP: 31/131 [Nessos/arrow (18)]
 16175 | Lair:5   | Killed Nessos
 16506 | Lair:5   | Reached XP level 14. HP: 114/140 MP: 13/13
 16522 | Lair:5   | Reached skill level 15 in Unarmed Combat
 16627 | Lair:5   | Found a shimmering altar of Xom.
 16773 | Lair:5   | Reached skill level 10 in Throwing
 17036 | Lair:5   | Reached *** piety under Wu Jian
 17506 | Lair:5   | Identified the +1 rapier of Peril {antimagic, rN++ Dex+5}
 17821 | Lair:4   | Noticed Snorg
 17866 | Lair:4   | Killed Snorg
 17892 | Lair:5   | HP: 28/141 [six-headed hydra (13)]
 17897 | Lair:5   | Reached skill level 10 in Fighting
 18079 | Lair:4   | Found a viscous altar of Jiyva.
 18080 | Lair:4   | Found a staircase to the Slime Pits.
 18208 | Lair:4   | Was forgiven by Ignis
 18306 | Lair:4   | Got Ykuug's Textbook on Glowing Feathers
 18422 | Lair:4   | Reached skill level 16 in Unarmed Combat
 19160 | Orc:1    | Entered Level 1 of the Orcish Mines
 19176 | D:9      | Reached skill level 3 in Dodging
 19203 | D:9      | Bought 2 throwing nets for 96 gold pieces
 19280 | Orc:1    | Noticed an orc warlord
 19299 | Orc:1    | Killed an orc warlord
 19300 | Orc:1    | Reached skill level 11 in Shields
 19308 | Orc:1    | Reached **** piety under Wu Jian
 19410 | Orc:1    | Found a dark tunnel.
 19416 | Orc:1    | Acquired the ring of Utio {Fly rF++ Str+6 Dex-4}
 19419 | Volcano  | Entered a volcano
 19884 | Orc:2    | Entered Level 2 of the Orcish Mines
 19884 | Orc:2    | Found a staircase to the Elven Halls.
 20143 | Orc:1    | Reached ***** piety under Wu Jian
 20205 | Orc:1    | Reached XP level 15. HP: 150/150 MP: 14/14
 20213 | Orc:2    | Paralysed by an orc sorcerer for 3 turns
 20279 | Orc:2    | Gained mutation: You occasionally lose the ability to drink
                  | potions when taking damage. [a neqoxec]
 20356 | Orc:1    | Noticed Erica
 20359 | Orc:1    | Noticed Urug
 20369 | Orc:1    | Killed Erica
 20570 | Orc:1    | Killed Urug
 20736 | Orc:2    | Found Yvoig's Antique Weapon Emporium.
 20736 | Orc:2    | Found Nairph's Assorted Antiques.
 20742 | Orc:2    | Found Zaddib's Armour Shoppe.
 20742 | Orc:2    | Found Rintum Nozu's Jewellery Shoppe.
 20875 | Orc:2    | Reached skill level 4 in Dodging
 21054 | Orc:2    | Found Pihyamod's Jewellery Shoppe.
 21769 | D:14     | You fall into a shaft and drop 1 floor!
 21769 | D:15     | Entered Level 15 of the Dungeon
 21848 | D:15     | Reached skill level 17 in Unarmed Combat
 22267 | D:15     | Reached skill level 5 in Dodging
 22624 | D:15     | Found a staircase to the Depths.
 22988 | D:14     | Found a sacrificial altar of Ru.
 23111 | D:14     | Reached skill level 11 in Fighting
 23152 | D:14     | Reached skill level 12 in Shields
 23256 | D:14     | Identified the ring of the Singing Gods {Wiz ^Contam rF+
                  | Str+3}
 23323 | D:14     | Reached ****** piety under Wu Jian
 23604 | D:14     | Reached XP level 16. HP: 119/162 MP: 15/15
 23733 | D:14     | Found a gate to the Vaults.
 24341 | Swamp:1  | Entered Level 1 of the Swamp
 24496 | Orc:2    | Bought the ring of Xom's Approval {^Drain +Blink rF+ rC+
                  | rCorr} for 598 gold pieces
 24635 | Swamp:1  | Reached skill level 18 in Unarmed Combat
 24683 | Swamp:1  | Reached skill level 6 in Dodging
 24912 | Swamp:1  | Found a runed translucent door.
 24913 | Swamp:1  | Noticed Lafaurph's ghost (adept DECj)
 25367 | Swamp:1  | Killed Lafaurph's ghost
 27067 | Swamp:4  | Entered Level 4 of the Swamp
 27128 | Swamp:4  | Reached skill level 7 in Dodging
 27465 | Swamp:4  | Reached skill level 19 in Unarmed Combat
 27465 | Swamp:4  | HP: 38/165 [ghoul (19)]
 27874 | Swamp:4  | Reached skill level 12 in Fighting
 27874 | Swamp:4  | Reached skill level 13 in Shields
 28019 | Swamp:4  | Reached XP level 17. HP: 172/172 MP: 16/16
 28236 | Swamp:4  | Got a decaying rune of Zot
 28465 | Spider:1 | Entered Level 1 of the Spider Nest
 29132 | Spider:1 | Reached skill level 8 in Dodging
 30033 | Spider:2 | Reached skill level 20 in Unarmed Combat
 30410 | Spider:2 | HP: 34/175 [tarantella (11)]
 30414 | Spider:2 | HP: 10/262 [tarantella (9)]
 30415 | Spider:2 | Slain by a jumping spider

Illustrated notes

Levels and vault maps discovered:
D:1:      tarquinn_simple_flora_water_d, layout_basic
D:2:      cheibrodos_pilgrimage, layout_loops_corners, basic_altar,
          basic_ecumenical_altar, grunt_ministairs_14, uniq_jessica
D:3:      layout_rooms
D:4:      layout_basic, nicolae_vehumet_radiance, gammafunk_ghost_nasty_kobolds
D:5:      layout_rooms, uniq_pikel, uniq_prince_ribbit1
D:6:      layout_gridville, nicolae_overflow_two_pavilions, temple_pool_b,
          uniq_crazy_yiuf_cottage
D:7:      layout_loops_ring, nicolae_gozag_cash_rules_everything_around_me,
          gammafunk_ghost_grave, serial_undead, serial_undead_d,
          serial_undead_f, serial_undead_a, serial_undead_d, serial_undead_a,
          serial_undead_e, serial_undead_d
D:8:      layout_basic, uniq_gastronok
D:9:      layout_cave_pools, mainiacjoe_overflow_catch_the_wave,
          cheibrodos_worm_habitat, serial_shops, shop
D:10:     layout_basic, lair_entry_dummy, hangedman_decor_slide_cut,
          small_chamber_with_monster
D:11:     layout_small_grid, roadster_capsule_ark_zombie
D:12:     layout_basic, enter_trove_1, serial_rivers,
          chequers_serial_rivers_large_b, chequers_serial_rivers_large_a,
          chequers_serial_rivers_small_a, chequers_serial_rivers_small_b,
          chequers_serial_rivers_micro_d, uniq_nergalle, uniq_psyche
D:13:     layout_rooms, serial_corexii_hall, corexii_hall_statues_i,
          chequers_hall_statues_y, corexii_hall_statues_i,
          chequers_hall_statues_y, corexii_hall_statues_l,
          corexii_hall_statues_u, minmay_between
D:14:     minmay_imperfect_grid, layout_stronghold, david_vaults_2,
          nicolae_ru_great_annihilating_truth
D:15:     grunt_enter_depths_snipers, layout_basic, st_stairs_12,
          serial_park_tiny_pond
Temple:   nicolae_temple_no_exploring_needed
Lair:1:   layout_regular_city
Lair:2:   layout_gridlike, alex1729_swamp_entry_worm_eleionoma,
          dummy_spider_entry, minivault_25
Lair:3:   layout_loops_ring, eino_small_chamber_without_monster,
          serial_bayou_shore_a, infiniplex_staircase_pool_2
Lair:4:   layout_cave_pods, nicolae_slime_entry_slimehenge, uniq_snorg
Lair:5:   hangedman_lair_in_review, layout_regular_city, basic_altar,
          lookout_lair_type, uniq_nessos
Swamp:1:  layout_basic_swamp, gammafunk_ghost_grave, nicolae_swamp_triple_paths,
          hangedman_swamp_wriggling
Swamp:2:  layout_basic_swamp, evilmike_swamp_ruin_house_2,
          nicolae_swamp_snake_nest
Swamp:3:  layout_falls_marsh, evilmike_swamp_ruin_house_1
Swamp:4:  swamp_basic_johnstein, layout_basic_swamp, infiniplex_staircase_pool
Spider:1: layout_spider_delve
Spider:2: layout_chambers, guppyfry_hornet_nest, uniq_frances
Orc:1:    layout_caves, enter_volcano_2, uniq_erica, uniq_urug
Orc:2:    st_orc_mages, layout_caves, serial_shops, nicolae_shop_gibbet_a_chance

Skill      XL: |  1  2  3  4  5  6  7  8  9 10 11 12 13 14 15 16 17 |
---------------+----------------------------------------------------+-----
Shields        | 3 4 5 6 7 8 9 10 11 12 13 | 13.6
Unarmed Combat | 3 4 5 6 7 9 11 12 13 14 16 17 19 20 | 20.0
Throwing       | 1 2 3 4 5 6 7 8 9 10 | 10.4
Fighting       | 3 4 5 6 7 8 9 10 11 12 | 12.6
Evocations     | 2 6 |  6.0
Dodging        | 3 5 7 8 |  8.3

Action                     |  1- 3 |  4- 6 |  7- 9 | 10-12 | 13-15 | 16-18 || total
---------------------------+-------+-------+-------+-------+-------+-------++-------
  Melee: Unarmed           |    72 |   140 |   277 |   579 |  1231 |   679 ||  2978
  Throw: Boomerang         |       |       |       |    20 |    85 |   304 ||   409
         Dart              |       |       |       |     4 |    53 |       ||    57
         Large rock        |       |       |       |     4 |    30 |    50 ||    84
 Invoke: Fiery Armour      |       |     1 |     2 |     7 |       |       ||    10
         Foxfire Swarm     |       |       |       |     1 |       |       ||     1
         Rising Flame      |       |       |       |       |     1 |       ||     1
         Serpent's Lash    |       |       |       |       |     1 |     2 ||     3
Ability: Whirlwind         |       |       |       |       |    70 |   102 ||   172
         Lunge             |       |       |       |       |    69 |    46 ||   115
         Evoke Blink       |       |       |       |       |     2 |       ||     2
  Evoke: Wand              |       |       |       |     9 |     4 |       ||    13
    Use: Scroll            |       |       |       |    16 |    14 |     5 ||    35
         Potion            |       |       |       |     2 |     2 |     4 ||     8
   Stab: Sleeping          |     1 |       |       |     8 |    17 |     1 ||    27
         Distracted        |       |       |       |     1 |     2 |     1 ||     4
         Petrifying        |       |       |       |       |     1 |       ||     1
         Petrified         |       |       |       |       |     1 |       ||     1
 Armour: Robe              |    35 |    75 |   104 |       |       |       ||   214
         Steam dragon scal |       |       |   137 |   162 |       |       ||   299
         Acid dragon scale |       |       |       |   224 |   308 |       ||   532
         Troll leather arm |       |       |       |       |   322 |   114 ||   436
         Swamp dragon scal |       |       |       |       |       |   421 ||   421
  Dodge: Dodged            |    20 |    47 |   117 |   115 |   239 |   240 ||   778
         Repelled          |       |     2 |     1 |       |       |       ||     3
  Block: Kite shield       |    22 |    46 |   181 |   433 |  1037 |   572 ||  2291
         Reflection        |       |       |       |    30 |    30 |    16 ||    76

Table legend: (Time is in decaauts)
 A = Elapsed time spent in this place.
 B = Non-inter-level travel time spent in this place.
 C = Inter-level travel time spent in this place.
 D = Time resting spent in this place.
 E = Time spent auto-exploring this place.
 F = Levels seen in this place.
 G = Mean time per level.
                   A        B        C        D        E       F      G
               +--------+--------+--------+--------+--------+-----+--------+
         Total |  30039 |  26477 |   3562 |     63 |  20250 |  30 | 1001.3 |
       Dungeon |  16168 |  13685 |   2483 |     45 |  10856 |  15 | 1077.9 |
        Temple |     16 |      2 |     14 |      0 |      0 |   1 |   16.0 |
          Lair |   6237 |   5680 |    557 |     18 |   4228 |   5 | 1247.4 |
         Swamp |   3742 |   3517 |    225 |      0 |   2679 |   4 |  935.5 |
   Spider Nest |   1810 |   1724 |     86 |      0 |   1209 |   2 |  905.0 |
  Orcish Mines |   1820 |   1626 |    194 |      0 |   1084 |   2 |  910.0 |
       Volcano |    243 |    243 |      0 |      0 |    193 |   1 |  243.0 |
               +--------+--------+--------+--------+--------+-----+--------+

Top non-repeatable levels by time:
  Lair:5: 2186 daAuts
    D:12: 1780 daAuts
    D:14: 1690 daAuts
     D:2: 1439 daAuts
    D:10: 1390 daAuts
     D:6: 1206 daAuts
     D:4: 1171 daAuts
  Lair:3: 1141 daAuts
  Lair:4: 1073 daAuts
 Swamp:2: 1034 daAuts
    D:11: 1021 daAuts
  Lair:1: 999 daAuts
 Swamp:4: 994 daAuts
    D:13: 987 daAuts
     D:7: 983 daAuts

Levels and vault maps discovered:
D:1:      tarquinn_simple_flora_water_d, layout_basic
D:2:      cheibrodos_pilgrimage, layout_loops_corners, basic_altar,
          basic_ecumenical_altar, grunt_ministairs_14, uniq_jessica
D:3:      layout_rooms
D:4:      layout_basic, nicolae_vehumet_radiance, gammafunk_ghost_nasty_kobolds
D:5:      layout_rooms, uniq_pikel, uniq_prince_ribbit1
D:6:      layout_gridville, nicolae_overflow_two_pavilions, temple_pool_b,
          uniq_crazy_yiuf_cottage
D:7:      layout_loops_ring, nicolae_gozag_cash_rules_everything_around_me,
          gammafunk_ghost_grave, serial_undead, serial_undead_d,
          serial_undead_f, serial_undead_a, serial_undead_d, serial_undead_a,
          serial_undead_e, serial_undead_d
D:8:      layout_basic, uniq_gastronok
D:9:      layout_cave_pools, mainiacjoe_overflow_catch_the_wave,
          cheibrodos_worm_habitat, serial_shops, shop
D:10:     layout_basic, lair_entry_dummy, hangedman_decor_slide_cut,
          small_chamber_with_monster
D:11:     layout_small_grid, roadster_capsule_ark_zombie
D:12:     layout_basic, enter_trove_1, serial_rivers,
          chequers_serial_rivers_large_b, chequers_serial_rivers_large_a,
          chequers_serial_rivers_small_a, chequers_serial_rivers_small_b,
          chequers_serial_rivers_micro_d, uniq_nergalle, uniq_psyche
D:13:     layout_rooms, serial_corexii_hall, corexii_hall_statues_i,
          chequers_hall_statues_y, corexii_hall_statues_i,
          chequers_hall_statues_y, corexii_hall_statues_l,
          corexii_hall_statues_u, minmay_between
D:14:     minmay_imperfect_grid, layout_stronghold, david_vaults_2,
          nicolae_ru_great_annihilating_truth
D:15:     grunt_enter_depths_snipers, layout_basic, st_stairs_12,
          serial_park_tiny_pond
Temple:   nicolae_temple_no_exploring_needed
Lair:1:   layout_regular_city
Lair:2:   layout_gridlike, alex1729_swamp_entry_worm_eleionoma,
          dummy_spider_entry, minivault_25
Lair:3:   layout_loops_ring, eino_small_chamber_without_monster,
          serial_bayou_shore_a, infiniplex_staircase_pool_2
Lair:4:   layout_cave_pods, nicolae_slime_entry_slimehenge, uniq_snorg
Lair:5:   hangedman_lair_in_review, layout_regular_city, basic_altar,
          lookout_lair_type, uniq_nessos
Swamp:1:  layout_basic_swamp, gammafunk_ghost_grave, nicolae_swamp_triple_paths,
          hangedman_swamp_wriggling
Swamp:2:  layout_basic_swamp, evilmike_swamp_ruin_house_2,
          nicolae_swamp_snake_nest
Swamp:3:  layout_falls_marsh, evilmike_swamp_ruin_house_1
Swamp:4:  swamp_basic_johnstein, layout_basic_swamp, infiniplex_staircase_pool
Spider:1: layout_spider_delve
Spider:2: layout_chambers, guppyfry_hornet_nest, uniq_frances
Orc:1:    layout_caves, enter_volcano_2, uniq_erica, uniq_urug
Orc:2:    st_orc_mages, layout_caves, serial_shops, nicolae_shop_gibbet_a_chance

Table legend: (Time is in decaauts)
 A = Elapsed time spent in this place.
 B = Non-inter-level travel time spent in this place.
 C = Inter-level travel time spent in this place.
 D = Time resting spent in this place.
 E = Time spent auto-exploring this place.
 F = Levels seen in this place.
 G = Mean time per level.
                   A        B        C        D        E       F      G
               +--------+--------+--------+--------+--------+-----+--------+
         Total |  30039 |  26477 |   3562 |     63 |  20250 |  30 | 1001.3 |
       Dungeon |  16168 |  13685 |   2483 |     45 |  10856 |  15 | 1077.9 |
        Temple |     16 |      2 |     14 |      0 |      0 |   1 |   16.0 |
          Lair |   6237 |   5680 |    557 |     18 |   4228 |   5 | 1247.4 |
         Swamp |   3742 |   3517 |    225 |      0 |   2679 |   4 |  935.5 |
   Spider Nest |   1810 |   1724 |     86 |      0 |   1209 |   2 |  905.0 |
  Orcish Mines |   1820 |   1626 |    194 |      0 |   1084 |   2 |  910.0 |
       Volcano |    243 |    243 |      0 |      0 |    193 |   1 |  243.0 |
               +--------+--------+--------+--------+--------+-----+--------+

Top non-repeatable levels by time:
  Lair:5: 2186 daAuts
    D:12: 1780 daAuts
    D:14: 1690 daAuts
     D:2: 1439 daAuts
    D:10: 1390 daAuts
     D:6: 1206 daAuts
     D:4: 1171 daAuts
  Lair:3: 1141 daAuts
  Lair:4: 1073 daAuts
 Swamp:2: 1034 daAuts
    D:11: 1021 daAuts
  Lair:1: 999 daAuts
 Swamp:4: 994 daAuts
    D:13: 987 daAuts
     D:7: 983 daAuts

Table legend:
 A = Kills in this place as a percentage of kills in the entire game.
 B = Kills by you in this place as a percentage of kills by you in the entire game.
 C = Kills by friends in this place as a percentage of kills by friends in the entire game.
 D = Other kills in this place as a percentage of other kills in the entire game.
 E = Experience gained in this place as a percentage of experience gained in the entire game.
 F = Experience gained in this place divided by the number of levels of this place that you have seen.
                   A       B       C       D       E      F
               +-------+-------+-------+-------+-------+----------------------
         Total | 100.0 | 100.0 |   N/A | 100.0 | 100.0 | 8810.0
       Dungeon |  43.9 |  44.0 |   N/A |   0.0 |  32.3 | 5682.7
          Lair |  18.6 |  18.6 |   N/A | 100.0 |  21.4 | 11292.0
         Swamp |  14.2 |  14.2 |   N/A |   0.0 |  26.7 | 17657.0
   Spider Nest |  10.0 |  10.0 |   N/A |   0.0 |  13.2 | 17402.5
  Orcish Mines |  12.6 |  12.7 |   N/A |   0.0 |   5.6 | 7361.5
       Volcano |   0.5 |   0.5 |   N/A |   0.0 |   0.9 | 2443.0
               +-------+-------+-------+-------+-------+----------------------
